Cogmind - Beta 13 @@@ ROGUE MODE // 2024.03.31 @ 13:07:46 Player: sweetanimebabe Result: Destroyed by G-47 Trooper with Particle Gun Performance ------------- Evolutions (2) 1000 Regions Visited (5) 1000 Robots Destroyed (17) 85 Value Destroyed (609) 609 Prototype IDs (0) 0 Alien Tech Used (0) 0 Bonus (188) 188 TOTAL SCORE: 2882 Bonus ------- Follower Combat Kills 188 Cogmind --------- Core Integrity 0/550 Matter 317/450 Energy 100/100 System Corruption 0% Temperature Cool (18) Movement Core (50) Location -8/Materials Parts ------- > --- POWER (1) -------- (None) > --- PROPULSION (2) --- (None) > --- UTILITY (5) ------ Large Matter Pod > --- WEAPON (3) ------- (None) > --- INVENTORY (5) ---- (None) Peak State ------------ > --- POWER ------------ Light Nuclear Core > --- PROPULSION ------- Wheel Wheel > --- UTILITY ---------- Large Matter Pod ECM Suite Medium Armor Plating Medium Armor Plating Hardened Light Armor Plating > --- WEAPON ----------- Rocket Launcher Rocket Launcher > --- INVENTORY -------- Drone Bay Drone Bay Drone Bay [Rating: 18] Favorites ----------- Power Light Ion Engine Engine Light Ion Engine Power Core Light Nuclear Core Propulsion Wheel Wheel Wheel Utility Medium Armor Plating Device ECM Suite Storage Large Matter Pod Protection Medium Armor Plating Weapon Light Cannon Ballistic Gun Light Assault Rifle Ballistic Cannon Light Cannon Launcher Rocket Launcher Build | -11 -10 -10 -9 -9 -8 ------- Run | Yrd Mat Min Mat Sto Mat Slots Evolved 4 | . . . 2 . 2 Power . | . . . . . . Propulsion . | . . . . . . Utility 3 | . . . 2 . 1 Weapon 1 | . . . . . 1 Parts Attached 29 | 4 5 . 7 4 9 Power 6 | 1 1 . 2 . 2 Engine 5 | 1 1 . 2 . 1 Core 1 | . . . . . 1 Reactor . | . . . . . . Propulsion 4 | 2 1 . 1 . . Treads . | . . . . . . Leg . | . . . . . . Wheel 4 | 2 1 . 1 . . Hover . | . . . . . . Flight . | . . . . . . Utility 10 | . 1 . 4 4 1 Device 4 | . . . . 4 . Storage 1 | . 1 . . . . Processor . | . . . . . . Hackware . | . . . . . . Protection 5 | . . . 4 . 1 Artifact . | . . . . . . Weapon 9 | 1 2 . . . 6 Energy Gun . | . . . . . . Energy Cannon . | . . . . . . Ballistic Gun 5 | 1 . . . . 4 Ballistic Cannon 2 | . 2 . . . . Launcher 2 | . . . . . 2 Special Weapon . | . . . . . . Impact Weapon . | . . . . . . Slashing Weapon . | . . . . . . Piercing Weapon . | . . . . . . Special Melee Weapon . | . . . . . . Unidentified Prototypes . | . . . . . . Parts Lost 14 | . . . . . 14 Power 2 | . . . . . 2 Propulsion 2 | . . . . . 2 Utility 4 | . . . . . 4 Weapon 6 | . . . . . 6 Highest Loss Streak 14 | . . . . . 14 To Critical Strikes . | . . . . . . Average Slot Usage (%) 88 | . 78 85 90 100 69 Engine 9 | . 12 14 10 11 1 Wheel 21 | . 26 28 20 22 12 Device 4 | . . . . 9 8 Storage 11 | . 12 14 11 11 9 Protection 17 | . . . 26 23 16 Ballistic Cannon 19 | . 25 28 22 22 . Launcher 1 | . . . . . 11 Naked Turns . | . . . . . . Heaviest Build 37 | 4 12 12 35 35 37 Greatest Support 20 | 20 20 20 20 20 20 Greatest Overweight (x) 4 | . . . 1 1 4 Average Overweight (x) . | . . . . 1 1 Largest Inventory Capacity 5 | 5 5 5 5 5 5 Average Capacity 5 | 5 5 5 5 5 5 Most Carried 5 | 3 2 . 2 5 5 Average Carried . | . . . . 3 . Final Capacity 5 | 5 5 5 5 5 5 Final Carried 5 | . . . . 5 . Class Distribution -------------------- 100% | Mutant Dominant Class ---------------- Mutant | -10/Materials Mutant | -10/Mines Mutant | -9/Materials Mutant | -9/Storage Mutant | -8/Materials Resources | -11 -10 -10 -9 -9 -8 ----------- Run | Yrd Mat Min Mat Sto Mat Matter Collected 912 | 262 . 186 172 160 132 Remotely . | . . . . . . Salvage Created 513 | 32 . . 165 124 192 Parts 35 | 3 . . 11 9 12 Haulers Intercepted . | . . . . . . Recyclers Shooed 1 | . . . . . 1 Parts Field Recycled . | . . . . . . Retrieved Matter . | . . . . . . Parts Self-Destructed . | . . . . . . Prevented . | . . . . . . Kills | -11 -10 -10 -9 -9 -8 ------- Run | Yrd Mat Min Mat Sto Mat Combat Hostiles Destroyed 16 | 1 . . 7 3 5 Guns 2 | 1 . . . . 1 Cannons 10 | . . . 7 3 . AOE 4 | . . . . . 4 Classes Destroyed 5 | 1 . . 2 . 2 Builder 1 | . . . . . 1 Swarmer 3 | . . . 3 . . Grunt 7 | 1 . . 2 . 4 Brawler 1 | . . . . . 1 Sentry 5 | . . . 2 3 . Best Kill Streak 3 | 1 . . 3 1 3 Combat Bots Only 3 | 1 . . 3 1 3 Max Kills in Single Turn 2 | 1 . . 1 1 2 Gunslinging . | . . . . . . Exploded 2 | . . . . . 2 Melee . | . . . . . . Uniques/NPCs Destroyed . | . . . . . . Combat | -11 -10 -10 -9 -9 -8 -------- Run | Yrd Mat Min Mat Sto Mat Hostile Shots Fired 198 | 20 5 1 29 22 121 Missed 60 | 6 2 . 10 7 35 Damage Taken 2384 | 154 25 26 185 287 1707 Core 704 | 77 9 15 49 . 554 Absorbed by Shields . | . . . . . . Regen/Repaired (Parts) 141 | . 43 . 98 . . Core Remaining (%) 71 | 69 . 59 . 87 . Volleys Fired 66 | 22 . . 11 15 18 Largest 3 | 1 . . 2 2 3 Hottest 70 | 20 . . 70 70 69 Shots Fired 107 | 22 . . 22 30 33 Gun 39 | 22 . . . . 17 Cannon 52 | . . . 22 30 . Launcher 16 | . . . . . 16 Special . | . . . . . . Kinetic 91 | 22 . . 22 30 17 Thermal . | . . . . . . Explosive 16 | . . . . . 16 Electromagnetic . | . . . . . . Robot Hit Streak 8 | 5 . . 7 8 5 Robot Miss Streak 4 | 2 . . 2 1 4 Penetration Max . | . . . . . . Secondary Targets . | . . . . . . Shots Hit Robots 69 | 16 . . 11 22 20 Core Hits 41 | 3 . . 8 6 24 Critical Kills 1 | . . . . . 1 Critical Parts Destroyed . | . . . . . . Critical Strikes 3 | . . . 2 . 1 Destroy 1 | . . . . . 1 Blast 2 | . . . 2 . . Melee Attacks . | . . . . . . Impact . | . . . . . . Slashing . | . . . . . . Piercing . | . . . . . . Sneak Attacks . | . . . . . . Combat Hostiles . | . . . . . . Follow-up Attacks . | . . . . . . Damage Inflicted 1670 | 136 . . 259 390 885 Guns 321 | 136 . . . . 185 Cannons 627 | . . . 259 368 . Explosions 698 | . . . . . 698 Melee . | . . . . . . Ramming 24 | . . . . 22 2 Kinetic 948 | 136 . . 259 368 185 Thermal . | . . . . . . Explosive 698 | . . . . . 698 Electromagnetic . | . . . . . . Impact . | . . . . . . Slashing . | . . . . . . Piercing . | . . . . . . Highest Corruption 3 | . 1 1 . 3 . Average Corruption 1 | . 1 1 . 1 . Corruption Purged . | . . . . . . Corruption Blocked . | . . . . . . Effects 3 | . . . . 3 . Message Errors 1 | . . . . 1 . Matter Fused 1 | . . . . 1 . Heat Flow Errors 1 | . . . . 1 . Overload Shots . | . . . . . . Overflow Damage 26 | . . . . . 26 Projectiles . | . . . . . . Explosions 26 | . . . . . 26 Melee . | . . . . . . Knockbacks 2 | . . . . 2 . Impact . | . . . . . . Kinetic 2 | . . . . 2 . Secondary . | . . . . . . Self-Inflicted Damage 39 | . . . . 11 28 Shots 1 | . . . . . 1 Rammed 3 | . . . . 2 1 Targets Rammed 3 | . . . . 2 1 Kicked . | . . . . . . Crushed . | . . . . . . Highest Temperature 206 | 6 . . 144 206 135 Average Temperature 47 | 6 . . 49 56 40 Received Heat Transfer 1014 | 84 . . 57 81 792 Effects 2 | . . . . 2 . Interference 2 | . . . . 2 . Siege Activations . | . . . . . . Robots Corrupted . | . . . . . . Combat Hostiles . | . . . . . . Parts Fried . | . . . . . . Impact Corruptions . | . . . . . . Robots Melted . | . . . . . . Combat Hostiles . | . . . . . . Parts Melted . | . . . . . . Heat Transferred . | . . . . . . Parts Sabotaged . | . . . . . . Parts Stolen . | . . . . . . Parts Stripped . | . . . . . . Power Chain Reactions . | . . . . . . Alert | -11 -10 -10 -9 -9 -8 ------- Run | Yrd Mat Min Mat Sto Mat Peak Influence 332 | 20 30 11 236 332 234 Initial 107 | . . 11 3 99 107 Average 72 | 5 10 11 139 182 180 Maximum Alert Level 1 | . . . 1 1 1 Low Security (%) 84 | 100 100 100 89 52 41 Level 1 15 | . . . 10 47 58 Level 2 . | . . . . . . Level 3 . | . . . . . . Level 4 . | . . . . . . Level 5 . | . . . . . . High Security . | . . . . . . Max Security . | . . . . . . Squads Dispatched 4 | . 1 . 1 . 2 Investigation . | . . . . . . Extermination . | . . . . . . Reinforcement 4 | . 1 . 1 . 2 Assault . | . . . . . . Garrison . | . . . . . . Intercept . | . . . . . . Searches Triggered . | . . . . . . Construction Impeded 1 | . . . . . 1 Haulers Reinforced . | . . . . . . Active Scanning Responses . | . . . . . . Cargo Convoy Interrupts . | . . . . . . Stealth | -11 -10 -10 -9 -9 -8 --------- Run | Yrd Mat Min Mat Sto Mat Distress Signals 4 | . 1 1 2 . . Communications Jammed . | . . . . . . Distress Signals . | . . . . . . Times Spotted 44 | 1 8 1 9 11 14 Peak Tracking Total 7 | 1 5 1 6 5 7 Tactical Retreats 3 | . . . . 1 2 Traps | -11 -10 -10 -9 -9 -8 ------- Run | Yrd Mat Min Mat Sto Mat Traps Triggered 3 | . 1 . . 2 . Indirectly . | . . . . . . Trap Hack Attempts . | . . . . . . Triggered . | . . . . . . Disarmed . | . . . . . . Reprogrammed . | . . . . . . Reused . | . . . . . . Traps Extracted . | . . . . . . Installed . | . . . . . . Triggered . | . . . . . . Machines | -11 -10 -10 -9 -9 -8 ---------- Run | Yrd Mat Min Mat Sto Mat Machines Disabled 2 | . . . 1 1 . Max in Single Turn 1 | . . . 1 1 . Machines Repaired . | . . . . . . Machines Dismantled . | . . . . . . Machines Sabotaged . | . . . . . . Overloaded Fab Kills . | . . . . . . Hacking | -11 -10 -10 -9 -9 -8 --------- Run | Yrd Mat Min Mat Sto Mat Machines Accessed 5 | . 1 . 3 1 . Terminals 2 | . . . 1 1 . Fabricators . | . . . . . . Repair Stations 3 | . 1 . 2 . . Recycling Units . | . . . . . . Scanalyzers . | . . . . . . Garrison Access . | . . . . . . Total Hacks 17 | . 4 . 10 3 . Successful 12 | . 4 . 7 1 . Failed 5 | . . . 3 2 . Catastrophic . | . . . . . . Database Lockouts . | . . . . . . Manual . | . . . . . . Terminals 4 | . . . 1 3 . Fabricators . | . . . . . . Repair Stations 13 | . 4 . 9 . . Recycling Units . | . . . . . . Scanalyzers . | . . . . . . Garrison Access . | . . . . . . Terminal Hacks 1 | . . . . 1 . Open Door 1 | . . . . 1 . Fabricator Hacks . | . . . . . . Repair Station Hacks 11 | . 4 . 7 . . Scan Component 6 | . 2 . 4 . . Repair 5 | . 2 . 3 . . Recycling Unit Hacks . | . . . . . . Scanalyzer . | . . . . . . Garrison Access Hacks . | . . . . . . Unauthorized Hacks . | . . . . . . Terminals . | . . . . . . Fabricators . | . . . . . . Repair Stations . | . . . . . . Recycling Units . | . . . . . . Scanalyzers . | . . . . . . Garrison Access . | . . . . . . Data Cores Recovered . | . . . . . . Used . | . . . . . . Hacking Detections 4 | . 1 . 2 1 . Full Trace Events 1 | . . . 1 . . Feedback Events . | . . . . . . Feedback Blocked . | . . . . . . Robot Schematics Acquired . | . . . . . . Robots Built . | . . . . . . Authchips . | . . . . . . Time . | . . . . . . Total Robot Build Rating . | . . . . . . Part Schematics Acquired . | . . . . . . Parts Built . | . . . . . . Authchips . | . . . . . . Time . | . . . . . . Total Part Build Rating . | . . . . . . Parts Repaired 5 | . 2 . 3 . . Time 152 | . 52 . 100 . . Parts Recycled . | . . . . . . Recycled Matter . | . . . . . . Retrieved Matter . | . . . . . . Retrieved Components . | . . . . . . Parts Scanalyzed . | . . . . . . Part Schematics Acquired . | . . . . . . Parts Damaged . | . . . . . . Bothacking | -11 -10 -10 -9 -9 -8 ------------ Run | Yrd Mat Min Mat Sto Mat Used RIF Installer . | . . . . . . Robots Hacked . | . . . . . . Non-combat . | . . . . . . Combat . | . . . . . . Robot Hacks Applied . | . . . . . . Relay Couplers Released . | . . . . . . Fabnet Peak Effective % . | . . . . . . Robots Rewired . | . . . . . . Allies Hacked . | . . . . . . Hacks Repelled . | . . . . . . Allies | -11 -10 -10 -9 -9 -8 -------- Run | Yrd Mat Min Mat Sto Mat Total Allies 1 | . . . . 1 . Largest Group 1 | . . . . 1 1 Highest-Rated Group 100 | . . . . 100 95 Highest-Rated Ally 100 | . . . . 100 95 Total Orders . | . . . . . . Ally Attacks 15 | . . . . 15 . Total Damage 467 | . . . . 467 . Kills 8 | . . . . 8 . Allies Corrupted . | . . . . . . Allies Melted . | . . . . . . Intel | -11 -10 -10 -9 -9 -8 ------- Run | Yrd Mat Min Mat Sto Mat Robot Analysis Total . | . . . . . . Derelict Logs Recovered . | . . . . . . Drone Launches 8 | . . . . 8 . Drone Recoveries 2 | . . . . 2 . Exploration | -11 -10 -10 -9 -9 -8 ------------- Run | Yrd Mat Min Mat Sto Mat Turns Passed 2451 | 1136 229 77 348 467 194 Spaces Moved 1375 | 308 197 97 219 426 128 Core 27 | 19 . . . . 8 Treads . | . . . . . . Legs . | . . . . . . Wheels 1348 | 289 197 97 219 426 120 Hover . | . . . . . . Flight . | . . . . . . Fastest Speed 50 | 50 80 80 80 95 95 Average Speed 88 | 78 80 80 91 95 103 Slowest Speed 250 | 80 80 80 95 95 250 Overloaded Moves . | . . . . . . Propulsion Burnouts . | . . . . . . Robots Hopped . | . . . . . . Cave-ins Triggered . | . . . . . . Exploration Rate (%) 26 | 27 30 25 20 43 11 Regions Visited 5 Branch Regions 2 Pre-discovered Areas . | . . . . . . Known Exits Taken . | . . . . . . Unknown Exits Taken 5 | 1 1 1 1 1 . Scrap Searched 1 | . . 1 . . . Spaces Dug . | . . . . . . Terrain Destroyed 107 | . . . . . 107 Melee . | . . . . . . Projectile . | . . . . . . AOE 107 | . . . . . 107 Terrain Rammed . | . . . . . . Walls Destroyed . | . . . . . . Machines Disabled . | . . . . . . Actions | -11 -10 -10 -9 -9 -8 --------- Run | Yrd Mat Min Mat Sto Mat Total 2517 | 1186 268 96 344 460 163 Wait 1006 | 845 61 . 100 . . Move 1370 | 307 196 96 218 425 128 Hop . | . . . . . . Pick Up 25 | 6 5 . 7 6 1 Fast Attach 5 | . . . . . 5 Attach 22 | 4 5 . 6 4 3 Detach 4 | . . . . 4 . Swap 2 | . . . 1 . 1 Drop 11 | 2 1 . 1 1 6 Fire 66 | 22 . . 11 15 18 Melee . | . . . . . . Ram 3 | . . . . 2 1 Kick . | . . . . . . Crush . | . . . . . . Escape Stasis . | . . . . . . Rewire 3 | . . . . 3 . Trap . | . . . . . . Miscellaneous . | . . . . . . Route ------- -11/Scrapyard -10/Materials -10/Mines -9/Materials -9/Storage -8/Materials (discovered 1 exit: [*Fac]) History --------- Turn | Location | Event 2 | -11/Scrapyard | Met Revision 17 50 | -11/Scrapyard | Discovered new exit (range 8) 1137 | -11/Scrapyard | Entered Materials 1138 | -10/Materials | Build established: Mutant 1204 | -10/Materials | Repaired Lgt. Ion Engine 1232 | -10/Materials | Repaired Wheel 1350 | -10/Materials | Discovered new exit (range 9) 1366 | -10/Materials | Entered Mines 1380 | -10/Mines | Assembled infested the area 1385 | -10/Mines | Assisted by a Guerilla fighting off Assembled 1415 | -10/Mines | Discovered new exit (range 13) 1443 | -10/Mines | Entered Materials 1443 | -9/Materials | Evolved 2 slots: Utility x2 1567 | -9/Materials | Discovered new exit (range 15) 1644 | -9/Materials | Repaired Med. Armor Plating 1699 | -9/Materials | Repaired Broken Wheel 1733 | -9/Materials | Repaired Imp. Ion Engine 1791 | -9/Materials | Entered Storage 2033 | -9/Storage | Met 01-MTF 2176 | -9/Storage | Discovered new exit (range 15) 2258 | -9/Storage | Entered Materials 2258 | -8/Materials | Accompanied by 1 ally (01-MTF) 2258 | -8/Materials | Evolved 2 slots: Utility x1, Weapon x1 2263 | -8/Materials | 01-MTF left 2350 | -8/Materials | Discovered new exit (range 15) 2437 | -8/Materials | Core integrity fell below 50% 2445 | -8/Materials | Core integrity fell below 20% 2452 | -8/Materials | Destroyed by G-47 Trooper with Particle Gun Last Messages --------------- U-05 Engineer lays Concrete. M-13 Machinist repairs Lgt. Nuclear Core. Acquired Autogun. U-05 Engineer lays Concrete. Destroyed Carbon-fiber Leg. U-05 Engineer lays Concrete. G-50 Soldier suffers critical hit (Destroy). G-50 Soldier destroyed. U-05 Engineer lays Concrete. G-47 Trooper suffers critical hit (Burn). Acquired Lgt. Angular Momentum Engine. U-05 Engineer lays Concrete. Autogun destroyed. M-13 Machinist repairs Aluminum Leg. ECM Suite destroyed. U-05 Engineer lays Concrete. Acquired 45 matter. U-05 Engineer lays Concrete. Lgt. Angular Momentum Engine destroyed. U-05 Engineer lays Concrete. Map ----- +----------------------------------------------------+ | ?????????????????????????????????????????????????? | | ?????????????????????????????????????????????????? | | ?????????????????????????????????????????????????? | | ?????????????????????????????????????????????????? | | ?????????????????????????????????????????????????? | | ?????????????????????????????????????????????????? | | ?????????????????????????????????????????????????? | | ?????????????????????????????????????????????????? | | ?????????????????????????????????????????????????? | | ?????????????????????????????????????????????????? | | ?????????????????????????????????????????????????? | | ?????????????????????????????????????????????????? | | ?????????????????????????????????????????????????? | | ?????????????????????????????????????????????????? | | ?????????????????????????????????????????????????? | | ?????????????????????????????????#???????????????? | | ?????????????????????????????????/???????????????? | | ???????????????????????????????? #???????????????? | | ???????????????????????????????? #???????????????? | | ??????????????????????????????? #???????????????? | | ????????????????##############? #???????????????? | | ????????????????# #? #???????????????? | | ????????????????# """ # #???????????????? | | ????????????????# """ g # #??????##???????? | | ????????????????# """g g g #= #??? ??????? | | ????????????????# @ g %| ## ??????? | | ????????????????##+#####g;# # # ?????? | | ????????????????## ## m ?????? | | ?????????????#### = H ?????? | | ?????????????# [*% [ % u ?????? | | ?????????????### # # # #+##### ?????? | | ???????####### # ## ### ??????? | | ???????# # # ## ##???! # """ ??????? | | ???????# ## # ##???? #?"Y?????????? | | ???????# # #???? !! #????????????? | | ???????# #####?!! #????????????? | | ???????# """ +?! "" #????????????? | | ???????# """"" ######? ?"" #????????????? | | ???????# """"" # #?????? ???? ????????????? | | ???????? """"" ## ##???????###?????#???????????? | | ????????? """ ## #????????????????????????????? | | ????????? ## #????????????????????????????? | | ????????? ## #????????????????????????????? | | ???????########## #????????????????????????????? | | ???#+### #??## ##????????????????????????????? | | ???? #???# #?????????????????????????????? | | ????? #???# #?????????????????????????????? | | ?????? ????# #?????????????????????????????? | | ???????# ????# #?????????????????????????????? | | ????????# ######+########??????????????????????? | +----------------------------------------------------+ Best States ------------- Heat Dissipation 31 Energy Generation 18 Energy Capacity 265 Matter Stores 450 Matter Capacity 450 Sight Range 16 Terrain Scan Density 10 ECM Strength 1 Armor Coverage 600 Evasion (%) 50 Item Schematics ----------------- None Robot Schematics ------------------ None Fabricated ------------ Nothing Alien Tech Used ----------------- None Achievements -------------- I Survived The Infestation Release The Drones! Challenges ------------ None Game ------ Seed CompactMetafiberScythe Manual? 0 Play Time 00:29:33 Cumulative 1.2 hours Start 2024.03.31 @ 12:36:41 End 2024.03.31 @ 13:07:46 Sessions 1 Manual Loads 0 Difficulty Rogue Special Mode None Game No. 2 Rogue 2 Adventurer 0 Explorer 0 Win Type - Total 0 Types 0/0/0/0/0/0/0/0/0 Lore% 0 Gallery% 4 Achievement% 3 Wizard Run 0 Options --------- Layout 1 ASCII 0 Keyboard 0 Movement Numpad Keybinds 0 Fullscreen 1 Font 32/SmallcapsGlow Map View 50x35 Zoom Use 0% Tactical HUD 0 Map Filters NONE Filters NONE Steam 1 RUN: da731e41-97f0-47cd-9a0a-c883f745d5cd